 Dungeon Crawl Stone Soup version 0.26-a0-1205-g4083c211ab (webtiles) character file.

Game seed: 17412694836669380726

290119 tilp the Unseen (level 20, 0/157 (160) HPs)
             Began as a Gnoll Delver on Dec 28, 2020.
             Was the Champion of Zin.
             Slain by a red ugly thing (12 damage)
             ... on level 1 of the Vaults on Dec 29, 2020.
             The game lasted 02:35:06 (65323 turns).

tilp the Unseen (Gnoll Delver)                     Turns: 65323, Time: 02:35:07

HP:   0/157 (160)   AC: 35    Str: 17    XL:     20   Next: 74%
MP:   35/37         EV: 16    Int: 21    God:    Zin [******]
Gold: 4047          SH:  5    Dex: 19    Spells: 27/46 levels left

rFire    . . .     SeeInvis .   a - +4 halberd (freeze)
rCold    . . .     Faith    .   (shield currently unavailable)
rNeg     + . .     Spirit   .   P - +4 chain mail {Will+}
rPois    +         Reflect  +   j - +2 helmet
rElec    +         Harm     .   w - +2 cloak
rCorr    .         Rampage  .   D - +2 pair of gloves
Will     ++...                  y - +2 pair of boots {Fly}
Stlth    ++++......             F - amulet of reflection
HPRegen  0.36/turn              h - ring of Ceschox {AC+4 Str+2 Int+3 Dex-4 Slay+3}
MPRegen  0.25/turn              o - ring "Ixtompu" {rElec rPois rN+ Dex+3}

@: about to teleport, flying, studying Stealth, lightly drained
A: distributed training, fangs 1, strong nose
}: 2/15 runes: serpentine, barnacled
a: Stop Flying, Renounce Religion, Recite, Vitalisation, Imprison, Sanctuary,
Donate Gold


You were on level 1 of the Vaults.
You worshipped Zin.
Zin was exalted by your worship.
You visited 7 branches of the dungeon, and saw 33 of its levels.
You visited 1 bazaar.
You also visited: Trove, Gauntlet, Ice Cave and Volcano.

You collected 6872 gold pieces.
You spent 2449 gold pieces at shops.
You donated 376 gold pieces to Zin.

Inventory:

Hand Weapons
 a - a +4 halberd of freezing (weapon)
 b - the +9 longbow "Nualy" {flame, rPois}
   (You found it in an ice cave)

   It causes projectiles fired from it to burn those they strike, causing extra
   injury to most foes and up to half again as much damage against particularly
   susceptible opponents.
   It protects you from poison.
 p - a +0 broad axe
Missiles
 f - 36 silver javelins
 s - 6 atropa-tipped darts
 Q - 63 javelins
 T - 17 curare-tipped darts
 X - 4 throwing nets
 Y - 510 arrows
Armour
 d - a +2 kite shield of protection
 j - a +2 helmet (worn)
 m - a scarf of invisibility
 w - a +2 cloak (worn)
 y - a +2 pair of boots of flying (worn)
 D - a +2 pair of gloves (worn)
 P - a +4 chain mail of willpower (worn)
Jewellery
 h - the ring of Ceschox (left hand) {AC+4 Str+2 Int+3 Dex-4 Slay+3}
   (You found it in a treasure trove)

   [ring of protection]

   It affects your AC (+4).
   It affects your strength (+2).
   It affects your intelligence (+3).
   It affects your dexterity (-4).
   It affects your accuracy and damage with ranged weapons and melee attacks
   (+3).
 o - the ring "Ixtompu" (right hand) {rElec rPois rN+ Dex+3}
   (You found it in a treasure trove)

   [ring of poison resistance]

   It affects your dexterity (+3).
   It insulates you from electricity.
   It protects you from poison.
   It protects you from negative energy.
 F - an amulet of reflection (around neck)
 V - an uncursed ring of resist corrosion
 W - an uncursed ring of protection from cold
Wands
 g - a wand of digging (14)
 u - a wand of disintegration (8)
 B - a wand of flame (18)
 E - a wand of acid (18)
 K - a wand of iceblast (30)
 R - a wand of paralysis (16)
Scrolls
 c - a scroll of fog
 e - 5 scrolls of fear
 r - 2 scrolls of enchant armour
 t - a scroll of acquirement
 v - 18 scrolls of remove curse
 G - 15 scrolls of teleportation
 H - 4 scrolls of enchant weapon
 J - a scroll of amnesia
 L - 6 scrolls of identify
 O - 3 scrolls of magic mapping
 Z - 4 scrolls of blinking
Potions
 i - a potion of might
 k - 4 potions of magic
 l - 2 potions of cancellation
 n - 9 potions of curing
 q - 3 potions of ambrosia
 x - 4 potions of brilliance
 z - 5 potions of heal wounds
 A - 5 potions of mutation
 C - a potion of haste
 N - 4 potions of resistance
 S - 3 potions of invisibility
Books
 M - a manual of Stealth
Miscellaneous
 I - a phial of floods
 U - a phantom mirror


   Skills:
 + Level 14.7 Fighting
 + Level 13.5 Short Blades
 + Level 13.5 Long Blades
 + Level 13.5 Axes
 + Level 14.2 Maces & Flails
 + Level 13.5 Polearms
 + Level 13.5 Staves
 + Level 13.5 Slings
 + Level 13.5 Bows
 + Level 13.5 Crossbows
 + Level 13.5 Throwing
 + Level 13.5 Armour
 + Level 14.2 Dodging
 + Level 19.5 Stealth
 + Level 13.5 Shields
 + Level 13.5 Unarmed Combat
 + Level 13.5 Spellcasting
 + Level 11.6 Conjurations
 + Level 11.6 Hexes
 + Level 11.6 Summonings
 + Level 11.6 Necromancy
 + Level 11.6 Translocations
 + Level 11.6 Transmutations
 + Level 11.6 Fire Magic
 + Level 11.6 Ice Magic
 + Level 11.6 Air Magic
 + Level 11.6 Earth Magic
 + Level 11.6 Poison Magic
 + Level 14.6 Invocations
 + Level 13.5 Evocations


You had 27 spell levels left.
You knew the following spells:

 Your Spells              Type           Power        Failure   Level
a - Blink                 Tloc           N/A          1%          2
b - Slow                  Hex            59%          1%          2
c - Frozen Ramparts       Ice            100%         1%          3
d - Corona                Hex            65%          1%          1
e - Summon Ice Beast      Ice/Summ       59%          2%          4
f - Portal Projectile     Hex/Tloc       100%         1%          3
g - Apportation           Tloc           100%         1%          1
h - Tukima's Dance        Hex            59%          1%          3

Your spell library contained the following spells:

 Spells                   Type           Power        Failure   Level
 Beastly Appendage        Tmut           100%         1%          1
 Freeze                   Ice            100%         1%          1
 Magic Dart               Conj           100%         1%          1
 Sting                    Tmut/Pois      100%         1%          1
 Call Imp                 Summ           59%          1%          2
 Passwall                 Tmut/Erth      49%          1%          2
 Poisonous Vapours        Pois/Air       100%         1%          2
 Wereblood                Tmut           59%          1%          2
 Conjure Flame            Conj/Fire      59%          1%          3
 Ignite Poison            Fire/Tmut/Pois 59%          1%          3
 Inner Flame              Hex/Fire       59%          1%          3
 Lesser Beckoning         Tloc           29%          1%          3
 Mephitic Cloud           Conj/Pois/Air  59%          1%          3
 Ozocubu's Armour         Ice            59%          1%          3
 Spider Form              Tmut/Pois      29%          1%          3
 Static Discharge         Conj/Air       59%          1%          3
 Cause Fear               Hex            29%          2%          4
 Hailstorm                Conj/Ice       59%          2%          4
 Ice Form                 Ice/Tmut       59%          2%          4
 Leda's Liquefaction      Hex/Erth       29%          2%          4
 Olgreb's Toxic Radiance  Pois           59%          2%          4
 Alistair's Intoxication  Tmut/Pois      39%          8%          5
 Blade Hands              Tmut           29%          8%          5
 Bolt of Magma            Conj/Fire/Erth 29%          8%          5
 Fireball                 Conj/Fire      29%          8%          5
 Iskenderun's Battlesphe  Conj           59%          8%          5
 Lightning Bolt           Conj/Air       29%          8%          5
 Freezing Cloud           Conj/Ice/Air   29%          38%         6
 Hydra Form               Tmut           29%          38%         6
 Invisibility             Hex            59%          38%         6
 Iron Shot                Conj/Erth      29%          38%         6
 Starburst                Conj/Fire      29%          38%         6
 Statue Form              Tmut/Erth      39%          38%         6
 Haunt                    Necr/Summ      29%          93%         7
 Orb of Destruction       Conj           29%          93%         7
 Spellforged Servitor     Conj/Summ      29%          93%         7
 Borgnjor's Revivificati  Necr           29%          100%        8
 Ignition                 Fire           29%          100%        8
 Infestation              Necr           29%          100%        8
 Necromutation            Tmut/Necr      29%          100%        8
 Death's Door             Necr           29%          100%        9
 Shatter                  Erth           29%          100%        9
 Tornado                  Air            29%          100%        9


Dungeon Overview and Level Annotations

Branches:
Dungeon (15/15)            Temple (0/1) D:4            Lair (6/6) D:10
 Shoals (4/4) Lair:4        Snake (4/4) Lair:2        Slime (0/5) Lair:6
    Orc (2/2) D:11            Elf (0/3) Orc:2        Vaults (1/5) D:13
 Depths (1/5) D:15          IceCv (visited)         Volcano (visited)
Gauntlet (visited)

Altars:
Ashenzari
Cheibriados
Elyvilon
Kikubaaqudgha
Okawaru
Qazlal
Ru
Trog
Vehumet
Zin
The Shining One
Beogh

Shops:
D:10 }   D:12 }*   Orc:2 *[:(*

Annotations:
D:15 3 runed translucent doors, fire vault
Shoals:1 exclusion: kraken
Shoals:3 Bai Suzhen
Vaults:1 1 runed translucent door, Inokk's ghost, adept DgFE


Innate Abilities, Weirdness & Mutations

Your experience applies equally to all skills.
You have very sharp teeth.
Your uncanny sense of smell can sniff out nearby items.


Message History

The red ugly thing is almost dead.
The vault warden is lost in a daze.
The red ugly thing punches you.
You are engulfed in flames!!
* * * LOW HITPOINT WARNING * * *
Unknown command.
As you read the scroll of teleportation, it crumbles to dust.
You feel strangely unstable.
The red ugly thing is seared!
The yaktaur hits the yaktaur!
The yaktaur is killed!
The red ugly thing pecks you but does no damage.
The red ugly thing punches you!
* * * LOW HITPOINT WARNING * * *
You are engulfed in flames!!
* * * LOW HITPOINT WARNING * * *
You completely miss the red ugly thing.
The red ugly thing is almost dead.
The red ugly thing is seared!
The red ugly thing pecks you.
* * * LOW HITPOINT WARNING * * *
You are engulfed in flames!
You die...

# #.....# # #.....#
##########....c##############
.............c.#............#
...............#............#
.............).#............#
...........cc)c#............#
...........(.upuu........[.)#
################@..........)#
......# ############'#
......# #..))# ......# #...##
......# ##...# ......# #..#.#
......# #....# #'##### #....#
)†# ###########....#


You could see a vault warden (dazed), 3 ugly things and 4 yaktaurs.

Vanquished Creatures
  Nikola (Shoals:1)
  Rupert (D:13)
  A kraken (Shoals:4)
  17 nagarajas
  Ilsuiw (Shoals:2)
  Roxanne (D:14)
  A frost giant (IceCv)
  A deep elf sorcerer (Vaults:1)
  3 vault wardens (Vaults:1)
  Louise (Snake:2)
  Aizul (Snake:1)
  2 orc warlords
  3 ironheart preservers (Vaults:1)
  A deep elf demonologist (Vaults:1)
  An ettin (Depths:1)
  A minotaur (Gauntlet)
  6 merfolk javelineers
  9 merfolk impalers
  3 fire dragons
  Fannar (Lair:1)
  A yaktaur captain (D:15)
  Josephine (D:11)
  9 hydras
  10 vault guards
  A boulder beetle (shapeshifter) (Vaults:1)
  Harold (D:7)
  An ice dragon (Vaults:1)
  4 boulder beetles
  2 merfolk avatars
  33 naga warriors
  5 alligator snapping turtles
  2 ogre magi (Vaults:1)
  10 anacondas
  9 two-headed ogres
  2 catoblepae
  2 death knights
  3 centaur warriors
  7 merfolk aquamancers (Shoals:4)
  A tengu warrior (D:14)
  4 death yaks (IceCv)
  6 satyrs
  The ghost of loralnil the Martial Artist, a novice GnTm of Cheibriados (D:8)
  Urug (Lair:1)
  7 shock serpents
  An orc high priest (Orc:2)
  Sonja (D:11)
  14 naga sharpshooters
  12 spriggans (Lair:6)
  A hell knight (Volcano)
  4 salamander mystics
  11 sea snakes
  2 skeletal warriors
  3 unseen horrors
  9 naga ritualists
  A necromancer (Vaults:1)
  An ironbrand convoker (Vaults:1)
  A kraken simulacrum (Shoals:4)
  A wizard (D:15)
  6 orc knights
  Pikel (D:5)
  A lindwurm (Lair:3)
  15 harpies
  8 ugly things
  3 wolf spider zombies
  6 orc sorcerers
  5 cyclopes
  4 deep elf magi
  7 mana vipers
  3 wolf spiders (Vaults:1)
  15 fauns
  23 elephants
  10 salamanders
  11 manticores
  10 merfolk sirens
  25 naga magi
  Joseph (Lair:1)
  46 black mambas
  A black mamba (shapeshifter) (Vaults:1)
  2 vault sentinels (Vaults:1)
  A smoke demon (Volcano)
  An eye of devastation (Lair:6)
  A centaur zombie (D:12)
  Maurice (Orc:1)
  Maggie (D:9)
  A gargoyle (Gauntlet)
  14 cane toads
  A cane toad (shapeshifter) (D:13)
  2 molten gargoyles (Volcano)
  3 water nymphs
  4 rime drakes
  An ice statue (IceCv)
  2 torpor snails
  12 guardian serpents
  10 komodo dragons
  2 freezing wraiths (D:15)
  6 yaktaurs
  A tengu conjurer (D:13)
  6 trolls
  34 merfolk
  6 hornets
  A meliai (shapeshifter) (Vaults:1)
  15 polar bears
  5 wind drakes
  Grinder (D:4)
  A tyrant leech (Gauntlet)
  4 blink frogs (Lair:6)
  16 snapping turtles
  13 dream sheep
  A meliai zombie (D:11)
  9 slime creatures
  A centaur simulacrum (D:15)
  11 water elementals
  Sigmund (D:2)
  9 wraiths
  69 yaks
  A shadow (D:15)
  3 wyverns
  A human (D:13)
  3 fire bats (Lair:2)
  Grum (D:9)
  2 fire elementals (Lair:2)
  4 basilisks
  A soldier ant (D:11)
  3 swamp worms (Gauntlet)
  4 wargs
  2 acid dragons
  11 water moccasins
  Duvessa (D:7)
  79 nagas
  A floating eye (shapeshifter) (Vaults:1)
  2 hell hounds (Volcano)
  31 orc warriors
  6 black bears
  5 ice beasts
  3 sky beasts
  17 ogres
  An eye of draining (Lair:6)
  2 phantoms
  A necrophage (D:10)
  37 wolves
  8 boggarts
  2 human skeletons (Vaults:1)
  17 centaurs
  A human zombie (Vaults:1)
  A lemure (D:5)
  4 big kobolds
  19 bullfrogs
  A gnoll sergeant (D:7)
  Dowan (D:7)
  10 scorpions
  3 water moccasin skeletons
  14 killer bees
  16 wights
  3 electric eels (Lair:4)
  A lava snake (Volcano)
  2 quasits
  3 bullfrog zombies
  4 jellies
  19 orc priests
  A bullfrog skeleton (D:13)
  7 hounds
  24 orc wizards
  3 gnoll shamans (D:7)
  3 centaur skeletons
  2 iguanas
  6 hell rats (Lair:4)
  8 worker ants
  A killer bee zombie (D:9)
  2 hound skeletons (D:5)
  A howler monkey zombie (D:9)
  A spectral worker ant (D:8)
  13 gnolls
  15 adders
  4 white imps
  2 ufetubi
  2 oozes
  2 adder zombies (D:8)
  An adder skeleton (D:4)
  5 worms
  2 dart slugs
  2 leopard geckos
  71 orcs
  2 giant cockroaches (D:2)
  11 goblins
  13 hobgoblins
  4 jackals (D:2)
  18 kobolds
  3 quokkas
  2 ball pythons
  10 bats
  10 frilled lizards
  A jackal skeleton (D:4)
  2 leopard gecko skeletons
  2 rats (D:2)
  2 tentacles (Shoals:4)
1320 creatures vanquished.

Vanquished Creatures (others)
  2 merfolk aquamancers (Shoals:4)
  A sea snake (Shoals:1)
  3 harpies (Shoals:1)
  3 polar bears (IceCv)
  A yak (IceCv)
  A shadow (D:15)
  A water moccasin (Lair:6)
  An orc wizard (Orc:2)
  An adder (D:2)
  An orc (Vaults:1)
  50 fungi
  3 pillars of salt
  286 plants
  16 tentacles (Shoals:4)
370 creatures vanquished.

Grand Total: 1690 creatures vanquished

Notes
Turn   | Place    | Note
-------+----------+-------------------------------------------
     0 | D:5      | Reached skill level 9 in Stealth
     0 | D:5      | tilp the Gnoll Delver began the quest for the Orb.
     0 | D:5      | Reached XP level 1. HP: 23/23 MP: 1/1
     6 | D:6      | Noticed an ogre
    50 | D:5      | Found a glowing silver altar of Zin.
    53 | D:5      | Became a worshipper of Zin the Law-Giver
    65 | D:5      | Noticed a worker ant
    82 | D:5      | Noticed a lemure
    99 | D:5      | Noticed a lemure
   190 | D:4      | Noticed a worker ant
   191 | D:4      | Noticed a worker ant
   208 | D:4      | Noticed an ogre
   311 | D:3      | You fall into a shaft and drop 1 floor!
   311 | D:4      | Found an iron altar of Okawaru.
   355 | D:2      | Reached XP level 2. HP: 29/29 MP: 2/2
   646 | D:1      | Reached XP level 3. HP: 34/35 MP: 3/3
   761 | D:1      | Reached * piety under Zin
  1072 | D:2      | Reached skill level 1 in Invocations
  1153 | D:2      | Reached skill level 1 in Short Blades
  1153 | D:2      | Reached skill level 1 in Long Blades
  1153 | D:2      | Reached skill level 1 in Axes
  1153 | D:2      | Reached skill level 1 in Polearms
  1153 | D:2      | Reached skill level 1 in Staves
  1153 | D:2      | Reached skill level 1 in Slings
  1153 | D:2      | Reached skill level 1 in Bows
  1153 | D:2      | Reached skill level 1 in Crossbows
  1153 | D:2      | Reached skill level 1 in Throwing
  1153 | D:2      | Reached skill level 1 in Armour
  1153 | D:2      | Reached skill level 1 in Shields
  1153 | D:2      | Reached skill level 1 in Unarmed Combat
  1153 | D:2      | Reached skill level 1 in Spellcasting
  1153 | D:2      | Reached skill level 1 in Evocations
  1179 | D:2      | Reached ** piety under Zin
  1231 | D:2      | Reached XP level 4. HP: 40/41 MP: 5/5
  1281 | D:2      | Noticed Sigmund
  1408 | D:2      | Found a broken altar of Ashenzari.
  1556 | D:2      | Found a radiant altar of Vehumet.
  1593 | D:2      | Reached skill level 1 in Conjurations
  1593 | D:2      | Reached skill level 1 in Hexes
  1593 | D:2      | Reached skill level 1 in Summonings
  1593 | D:2      | Reached skill level 1 in Necromancy
  1593 | D:2      | Reached skill level 1 in Translocations
  1593 | D:2      | Reached skill level 1 in Transmutations
  1593 | D:2      | Reached skill level 1 in Fire Magic
  1593 | D:2      | Reached skill level 1 in Ice Magic
  1593 | D:2      | Reached skill level 1 in Air Magic
  1593 | D:2      | Reached skill level 1 in Earth Magic
  1593 | D:2      | Reached skill level 1 in Poison Magic
  1717 | D:2      | Killed Sigmund
  1718 | D:2      | Reached XP level 5. HP: 31/47 MP: 5/7
  1718 | D:2      | Reached XP level 6. HP: 35/53 MP: 5/8
  1948 | D:3      | Reached *** piety under Zin
  2275 | D:3      | Reached skill level 5 in Maces & Flails
  2275 | D:3      | Reached skill level 5 in Dodging
  2385 | D:3      | Found a white marble altar of Elyvilon.
  2875 | D:4      | Got a twisted robe
  2889 | D:4      | Found a staircase to the Ecumenical Temple.
  2894 | D:4      | Noticed Grinder
  2930 | D:4      | Paralysed by Grinder for 5 turns
  2939 | D:4      | Killed Grinder
  2940 | D:4      | Reached XP level 7. HP: 22/60 MP: 10/10
  3269 | D:4      | Identified the +2 robe of the Four Ultimatums {Regen+ rCorr
                  | Dex-4 Slay-2} (You found it on level 4 of the Dungeon)
  3551 | D:4      | Found a glowing golden altar of the Shining One.
  4058 | D:5      | Reached skill level 10 in Stealth
  4148 | D:5      | Reached XP level 8. HP: 67/67 MP: 9/12
  4211 | D:5      | Noticed Pikel
  4230 | D:5      | Killed Pikel
  5107 | D:6      | Reached XP level 9. HP: 72/72 MP: 14/14
  5269 | D:6      | Found a stormy altar of Qazlal.
  5468 | D:7      | Reached **** piety under Zin
  5524 | D:7      | You fall into a shaft and drop 1 floor!
  5959 | D:7      | Noticed Duvessa
  5960 | D:7      | Noticed Dowan
  5986 | D:7      | Killed Duvessa
  5990 | D:7      | Killed Dowan
  6128 | D:7      | Noticed Harold
  6228 | D:7      | Killed Harold
  6229 | D:7      | Reached skill level 5 in Invocations
  6329 | D:7      | Found a snail-covered altar of Cheibriados.
  6331 | D:7      | Found a bloodstained altar of Trog.
  6512 | D:7      | Reached XP level 10. HP: 59/80 MP: 17/17
  6667 | D:7      | Reached ***** piety under Zin
  6758 | D:7      | Reached skill level 5 in Short Blades
  6758 | D:7      | Reached skill level 5 in Long Blades
  6758 | D:7      | Reached skill level 5 in Axes
  6758 | D:7      | Reached skill level 5 in Polearms
  6758 | D:7      | Reached skill level 5 in Staves
  6758 | D:7      | Reached skill level 5 in Slings
  6758 | D:7      | Reached skill level 5 in Bows
  6758 | D:7      | Reached skill level 5 in Crossbows
  6758 | D:7      | Reached skill level 5 in Throwing
  6758 | D:7      | Reached skill level 5 in Armour
  6758 | D:7      | Reached skill level 11 in Stealth
  6758 | D:7      | Reached skill level 5 in Shields
  6758 | D:7      | Reached skill level 5 in Unarmed Combat
  6758 | D:7      | Reached skill level 5 in Spellcasting
  6758 | D:7      | Reached skill level 5 in Evocations
  6826 | D:7      | Identified the +7 falchion "Elor" {pain, rC++ MP-9}
  7660 | D:8      | Found a runed translucent gate.
  7660 | D:8      | Found a runed translucent gate.
  7660 | D:8      | Found a runed translucent gate.
  7825 | D:8      | Reached ****** piety under Zin
  7936 | D:8      | Noticed loralnil's ghost (novice GnTm)
  8295 | D:9      | Noticed Grum
  8309 | D:9      | Killed Grum
  8711 | D:9      | Noticed Maggie
  8749 | D:9      | Killed Maggie
  8785 | D:9      | Got an ancient rapier
  9123 | D:9      | Reached XP level 11. HP: 34/87 MP: 19/19
  9260 | D:9      | Identified the +7 rapier of Invincibility {pain, Will+
                  | Int+4} (You found it on level 9 of the Dungeon)
  9339 | D:10     | Entered Level 10 of the Dungeon
  9359 | D:10     | Noticed a two-headed ogre
  9389 | D:10     | Killed a two-headed ogre
  9390 | D:10     | Reached skill level 5 in Conjurations
  9390 | D:10     | Reached skill level 5 in Hexes
  9390 | D:10     | Reached skill level 5 in Summonings
  9390 | D:10     | Reached skill level 5 in Necromancy
  9390 | D:10     | Reached skill level 5 in Translocations
  9390 | D:10     | Reached skill level 5 in Transmutations
  9390 | D:10     | Reached skill level 5 in Fire Magic
  9390 | D:10     | Reached skill level 5 in Ice Magic
  9390 | D:10     | Reached skill level 5 in Air Magic
  9390 | D:10     | Reached skill level 5 in Earth Magic
  9390 | D:10     | Reached skill level 5 in Poison Magic
  9770 | D:10     | Reached skill level 12 in Stealth
  9944 | D:10     | Found a staircase to the Lair.
 10213 | D:10     | Found Xerghut's Gadget Shop.
 10663 | D:11     | Noticed Sonja
 10756 | D:11     | Noticed a cyclops
 10772 | D:11     | Killed a cyclops
 10944 | D:11     | Killed Sonja
 11238 | D:11     | Reached XP level 12. HP: 87/96 MP: 20/22
 11395 | D:11     | Found a glowing golden altar of the Shining One.
 11518 | D:11     | Noticed Josephine
 11667 | D:11     | Killed Josephine
 11667 | D:11     | Noticed a boulder beetle
 11671 | D:11     | Noticed a centaur warrior
 11713 | D:11     | Killed a centaur warrior
 12028 | D:11     | Found a staircase to the Orcish Mines.
 12153 | D:11     | Killed a boulder beetle
 12326 | D:11     | Found a sacrificial altar of Ru.
 12730 | D:11     | Reached skill level 13 in Stealth
 12813 | Lair:1   | Entered Level 1 of the Lair of Beasts
 12947 | Lair:1   | Reached skill level 10 in Fighting
 13181 | Lair:1   | Noticed Urug
 13195 | Lair:1   | Killed Urug
 13653 | Lair:1   | Noticed Joseph
 13791 | Lair:1   | Killed Joseph
 13936 | Lair:1   | Noticed a five-headed hydra
 13949 | Lair:1   | Killed a five-headed hydra
 13950 | Lair:1   | Reached XP level 13. HP: 78/103 MP: 24/24
 14293 | Lair:1   | Noticed Fannar
 14334 | Lair:1   | Killed Fannar
 14678 | Lair:2   | Learned a level 2 spell: Blink
 14765 | Lair:2   | Found a staircase to the Snake Pit.
 17126 | Lair:3   | Reached skill level 14 in Stealth
 18212 | Lair:3   | Identified a scroll of acquirement
 18212 | Lair:3   | Acquired 969 gold pieces
 18290 | Lair:4   | Found a staircase to the Shoals.
 19204 | Lair:4   | Reached XP level 14. HP: 111/111 MP: 26/26
 19428 | Lair:4   | Reached skill level 10 in Maces & Flails
 19428 | Lair:4   | Reached skill level 10 in Dodging
 20273 | Lair:4   | Learned a level 2 spell: Slow
 20383 | Lair:5   | Found a dark tunnel.
 20398 | Volcano  | Entered a volcano
 20464 | Volcano  | Found a burning altar of Makhleb.
 21996 | Lair:5   | Reached skill level 10 in Invocations
 22290 | Lair:5   | Got a creamy pearl robe
 22291 | Lair:5   | Identified the +2 robe of Evolution {rC- rN+ Str+2 Stlth+}
                  | (You found it on level 5 of the Lair of Beasts)
 22774 | Lair:6   | Entered Level 6 of the Lair of Beasts
 23445 | Lair:6   | Found a staircase to the Slime Pits.
 23798 | Lair:6   | Identified the +1 robe of Misanthropy {Harm rF- Str+5
                  | Dex+2} (You found it on level 6 of the Lair of Beasts)
 23988 | Lair:6   | Reached skill level 15 in Stealth
 24648 | Lair:6   | Reached XP level 15. HP: 119/119 MP: 28/28
 25186 | Orc:1    | Entered Level 1 of the Orcish Mines
 25186 | Orc:1    | Noticed Maurice
 25194 | Orc:1    | Killed Maurice
 25223 | Orc:1    | Found a roughly hewn altar of Beogh.
 25388 | Orc:1    | Paralysed by an orc sorcerer for 7 turns
 26180 | Orc:2    | Entered Level 2 of the Orcish Mines
 26647 | Orc:2    | Found Hituces's Assorted Antiques.
 26720 | Orc:2    | Found a staircase to the Elven Halls.
 27091 | Orc:2    | Noticed an orc warlord
 27116 | Orc:2    | Reached skill level 10 in Short Blades
 27116 | Orc:2    | Reached skill level 10 in Long Blades
 27116 | Orc:2    | Reached skill level 10 in Axes
 27116 | Orc:2    | Reached skill level 10 in Polearms
 27116 | Orc:2    | Reached skill level 10 in Staves
 27116 | Orc:2    | Reached skill level 10 in Slings
 27116 | Orc:2    | Reached skill level 10 in Bows
 27116 | Orc:2    | Reached skill level 10 in Crossbows
 27116 | Orc:2    | Reached skill level 10 in Throwing
 27116 | Orc:2    | Reached skill level 10 in Armour
 27116 | Orc:2    | Reached skill level 10 in Shields
 27116 | Orc:2    | Reached skill level 10 in Unarmed Combat
 27116 | Orc:2    | Reached skill level 10 in Spellcasting
 27116 | Orc:2    | Reached skill level 10 in Evocations
 27259 | Orc:2    | Killed an orc warlord
 27576 | Orc:2    | Noticed an orc warlord
 27765 | Orc:1    | Killed an orc warlord
 28131 | Orc:2    | Found a roughly hewn altar of Beogh.
 28152 | Orc:2    | Found Oxogh's Antique Weapon Boutique.
 28159 | Orc:2    | Found Yteguocs's General Store.
 28301 | Orc:2    | Found Colinopt's Book Boutique.
 28362 | Orc:2    | Found Boal's Antique Armour Boutique.
 28579 | Orc:2    | Bought a scroll labelled CURETHRAUMP for 24 gold pieces
 28579 | Orc:2    | Bought a glowing ivory ring for 120 gold pieces
 28979 | D:8      | Killed loralnil's ghost
 29074 | D:12     | Found Kaissuz's General Store.
 29095 | D:12     | Bought a scroll of magic mapping for 42 gold pieces
 29207 | D:12     | Found Fureb's Gadget Emporium.
 29910 | D:12     | Bought a scroll of enchant armour for 90 gold pieces
 30310 | D:13     | Found a gate to the Vaults.
 30465 | D:13     | Noticed Rupert
 30849 | D:13     | Identified the cursed +1 mace of Prescription {antimagic,
                  | rF+ rN+ Dex-3 Stlth+} (You found it on level 13 of the
                  | Dungeon)
 30925 | D:13     | Killed Rupert
 31129 | D:14     | Found a frozen archway.
 31215 | IceCv    | Entered an ice cave
 31604 | IceCv    | Reached XP level 16. HP: 126/127 MP: 30/30
 31643 | IceCv    | Reached skill level 16 in Stealth
 32374 | IceCv    | Got a glimmering longbow
 32390 | IceCv    | Identified the +9 longbow "Nualy" {flame, rPois} (You found
                  | it in an ice cave)
 32950 | D:14     | Identified Roxanne's Tome of Transmutation
 32950 | D:14     | Noticed Roxanne
 33467 | D:15     | Entered Level 15 of the Dungeon
 33524 | D:15     | Found a gate leading to a gauntlet.
 33548 | Gauntlet | Entered a Gauntlet
 33548 | Gauntlet | Found a transporter.
 33548 | Gauntlet | Found a transporter.
 33555 | Gauntlet | Learned a level 3 spell: Frozen Ramparts
 33578 | Gauntlet | Found a transporter.
 33582 | Gauntlet | Found a transporter.
 33592 | Gauntlet | Found a transporter.
 33594 | Gauntlet | Found a transporter.
 33610 | Gauntlet | Found a transporter.
 33626 | Gauntlet | Found a transporter.
 33641 | Gauntlet | Found a transporter.
 33644 | Gauntlet | Found a transporter.
 33645 | Gauntlet | Found the +2 ratskin cloak {*Rats rPois rN+ Str-1 Int-1
                  | Dex+1}
 33652 | Gauntlet | Found a transporter.
 33655 | Gauntlet | Found a transporter.
 33981 | Gauntlet | Identified the +6 double sword "Sowucite" {vamp, rPois
                  | Will+ Str-5 Dex+3 Stlth+} (You found it in a Gauntlet)
 34042 | Gauntlet | Identified the cursed +1 spear of Bread {elec, Str+4}
 34042 | Gauntlet | Identified the ring of Secrets {*Tele rElec rN+ Str+4
                  | Int-5}
 34079 | Gauntlet | Identified the +2 ring mail "Agihidoj" {Int+7} (You found
                  | it in a Gauntlet)
 34277 | D:15     | Found a runed translucent gate.
 34277 | D:15     | Found a runed translucent gate.
 34278 | D:15     | Found a runed translucent gate.
 34657 | D:15     | Paralysed by a wizard for 3 turns
 34667 | D:15     | Found an ancient bone altar of Kikubaaqudgha.
 35535 | D:15     | Found a staircase to the Depths.
 36407 | Shoals:1 | Entered Level 1 of the Shoals
 36665 | Shoals:1 | Noticed a kraken
 37181 | Shoals:1 | Upgraded the game from 0.26-a0-1191-ge2a0e31ab3 to
                  | 0.26-a0-1205-g4083c211ab
 37410 | Shoals:1 | Noticed Nikola
 37445 | Shoals:1 | Killed Nikola
 38582 | Shoals:2 | Noticed Ilsuiw
 39554 | Shoals:2 | Killed Ilsuiw
 39555 | Shoals:2 | Reached XP level 17. HP: 126/135 MP: 32/32
 41215 | Shoals:3 | Reached skill level 17 in Stealth
 42604 | Shoals:3 | Noticed Bai Suzhen
 43566 | Snake:1  | Entered Level 1 of the Snake Pit
 45026 | Snake:1  | Reached skill level 10 in Conjurations
 45026 | Snake:1  | Reached skill level 10 in Hexes
 45026 | Snake:1  | Reached skill level 10 in Summonings
 45026 | Snake:1  | Reached skill level 10 in Necromancy
 45026 | Snake:1  | Reached skill level 10 in Translocations
 45026 | Snake:1  | Reached skill level 10 in Transmutations
 45026 | Snake:1  | Reached skill level 10 in Fire Magic
 45026 | Snake:1  | Reached skill level 10 in Ice Magic
 45026 | Snake:1  | Reached skill level 10 in Air Magic
 45026 | Snake:1  | Reached skill level 10 in Earth Magic
 45026 | Snake:1  | Reached skill level 10 in Poison Magic
 45763 | Snake:2  | Found a flickering gateway to a bazaar.
 45765 | Snake:2  | Noticed Aizul
 46648 | Snake:1  | Killed Aizul
 47430 | Snake:2  | Reached XP level 18. HP: 112/143 MP: 33/33
 47437 | Snake:2  | Learned a level 1 spell: Corona
 47442 | Snake:2  | Learned a level 4 spell: Summon Ice Beast
 47446 | Snake:2  | Learned a level 3 spell: Portal Projectile
 47735 | Snake:2  | Noticed Louise
 47765 | Snake:2  | Killed Louise
 50164 | Snake:4  | Entered Level 4 of the Snake Pit
 51170 | Snake:4  | Reached skill level 18 in Stealth
 52952 | Snake:4  | Reached XP level 19. HP: 144/151 MP: 35/35
 53661 | Snake:4  | Got a serpentine rune of Zot
 55092 | Snake:4  | Learned a level 1 spell: Apportation
 55096 | Snake:4  | Learned a level 3 spell: Tukima's Dance
 55888 | D:14     | Killed Roxanne
 56098 | Shoals:4 | Entered Level 4 of the Shoals
 58896 | Shoals:4 | Reached skill level 19 in Stealth
 59135 | Shoals:4 | Reached XP level 20. HP: 93/160 MP: 37/37
 59536 | Shoals:4 | Identified the +1 pair of boots of Larpheef {Str+3 Int+8
                  | Slay-3} (You found it on level 4 of the Shoals)
 61517 | Shoals:4 | Got a barnacled rune of Zot
 62075 | Depths:1 | Entered Level 1 of the Depths
 62138 | Depths:1 | Found a flickering gateway to a bazaar.
 62160 | Bazaar   | Entered a bazaar
 62160 | Bazaar   | Found Nuczotzy's Book Shoppe.
 62160 | Bazaar   | Found Nirull's Antique Armour Shoppe.
 62160 | Bazaar   | Found Sainueri's Gadget Emporium.
 62186 | Bazaar   | Found Etredi's Gadget Emporium.
 62191 | Bazaar   | Bought a shimmering plate armour for 448 gold pieces
 62191 | Bazaar   | Identified the +4 plate armour of the Moon {Rampage
                  | *Corrode Int+6} (You bought it in a shop in a bazaar)
 62201 | Bazaar   | Bought a book of the Tempests for 1050 gold pieces
 62201 | Bazaar   | Bought a book of Power for 675 gold pieces
 62612 | Vaults:1 | Entered Level 1 of the Vaults
 62626 | Vaults:1 | Found a runed translucent door.
 62626 | Vaults:1 | Noticed Inokk's ghost (adept DgFE)
 64148 | Vaults:1 | Acquired 961 gold pieces
 64290 | Vaults:1 | Found a portal to a secret trove of treasure.
 64307 | Vaults:1 | You paid a toll of 7 scrolls of fog to enter a treasure
                  | trove
 64308 | Trove    | Entered a treasure trove
 64320 | Trove    | Got a scintillating ivory ring
 64321 | Trove    | Identified the ring "Azumnog" {rElec MP+9} (You found it in
                  | a treasure trove)
 64323 | Trove    | Got a pitted copper ring
 64324 | Trove    | Identified the ring of Ceschox {AC+4 Str+2 Int+3 Dex-4
                  | Slay+3} (You found it in a treasure trove)
 64326 | Trove    | Got a fine flail
 64327 | Trove    | Identified the +8 flail of the Undead {vorpal, *Noise rPois
                  | Int+5} (You found it in a treasure trove)
 64334 | Trove    | Got a translucent tin ring
 64335 | Trove    | Identified the ring "Ixtompu" {rElec rPois rN+ Dex+3} (You
                  | found it in a treasure trove)
 64346 | Trove    | Identified the +4 scale mail of the Snake Pit {Rampage
                  | Int-2 Stlth+} (You found it in a treasure trove)
 65027 | Vaults:1 | Paralysed by a floating eye for 3 turns
 65323 | Vaults:1 | Slain by a red ugly thing

Illustrated notes

Levels and vault maps discovered:
D:1:      scummos_arrival_checkerplants, layout_rooms, nrook_uturn
D:2:      layout_rooms, fiery_altar_vehumet, nicolae_ashenzari_panopticon,
          uniq_sigmund
D:3:      layout_loops_cross, marbit_many_paths
D:4:      layout_loops_ring, general_overflow_altar, tso_altar,
          minmay_temple_entry_waves, uniq_grinder
D:5:      layout_loops_ring, zin_statuary, ebering_dispersal_statue_hall,
          chequers_serial_rivers_room_b, abandoned_shop,
          kennysheep_generic_room_7, uniq_pikel
D:6:      layout_basic, nicolae_qazlal_style_of_elements
D:7:      kennysheep_housing_project, layout_loops_corners, minitemple,
          minmay_manual_moon, uniq_harold, uniq_duvessa
D:8:      layout_rooms, gammafunk_ghost_necromancy
D:9:      minmay_blocky_corners, layout_loops_ring, minmay_misc_feat_columns,
          kennysheep_boxes, uniq_maggie, uniq_grum
D:10:     layout_basic, grunt_lair_entry_orc_guard_hut, serial_shops, shop
D:11:     cheibrodos_barr_body, layout_long_grid, erik_orc_3,
          minmay_misc_feat_chi, hangedman_feature_mirror, uniq_sonja,
          uniq_josephine
D:12:     layout_roguey, serial_shops, nicolae_shop_stone, shop_fountains,
          serial_aquarium, aquarium_bridge_square [aquarium_subvault_wall,
          aquarium_subvault_bridge, aquarium_subvault_window,
          aquarium_subvault_wall], aquarium_bridge_straight
          [aquarium_subvault_bridge, aquarium_subvault_balcony,
          aquarium_subvault_bridge, aquarium_subvault_window],
          aquarium_window_corner, aquarium_window_fake, aquarium_view_2g
D:13:     layout_layer_cave, grunt_vaults_entry_fortified, uniq_rupert
D:14:     layout_loops_ring, hangedman_abyss_or_decor_stabs,
          portal_ice_cave_entry_pillars_2, uniq_roxanne
D:15:     grunt_enter_depths_snipers, layout_loops_cross, old_standard_altar,
          gauntlet_entry_generic, ploomutoo_gammafunk_ghost_potion_laboratory,
          lemuel_flame_loot_1
Lair:1:   layout_gridlike, infiniplex_staircase_pool_2, uniq_joseph, uniq_urug,
          uniq_fannar
Lair:2:   layout_chaotic_city, guppyfry_snake_entry_island
Lair:3:   layout_chaotic_city, minmay_shattered_shrine
Lair:4:   layout_gridlike, elwin_shoals_entry_rocks, infiniplex_staircase_pool
Lair:5:   layout_regular_city, enter_volcano_4
Lair:6:   minmay_lair_end_enchanted_forest, layout_layer_cave,
          minmay_slime_entry_eyes, grunt_megastairs_3
Shoals:1: layout_shoals, nicolae_shoals_wave_tunnel, uniq_nikola
Shoals:2: layout_shoals, nicolae_shoals_arrival_archipelago, uniq_ilsuiw
Shoals:3: layout_shoals, uniq_bai_suzhen
Shoals:4: shoals_end_grunt_ice, layout_shoals, shoal_ilsuiw
Snake:1:  layout_cave_pods
Snake:2:  layout_rooms, serial_shops, freezing_bzr, uniq_aizul, uniq_louise
Snake:3:  nrook_guardian_serpent_snake_passage, layout_misc_corridors
Snake:4:  grunt_snake_rune_spirals, layout_onion_interference, st_stairs_9,
          hangedman_snake_corridor_cut
Orc:1:    layout_caves, basic_altar, nicolae_orc_lava_room, uniq_maurice
Orc:2:    grunt_orc_cross, layout_diamond_mine, serial_shops,
          nicolae_shop_waterfront
Vaults:1: ebering_vaults_ghost_inner_flame, vaults_mumra_minichess_inversion,
          v_pattern_5, ontoclasm_vaults_ring_small, vaults_room_glass_cross,
          vaults_room_corners, ontoclasm_vaults_ring_large,
          hangedman_vaults_trim, nicolae_vaults_theta, hangedman_vaults_slice,
          hangedman_vaults_capsules, layout_vaults_ring, enter_trove_6
Depths:1: layout_roguey, serial_shops, bzr_entry_water, minmay_misc_feat_tower,
          hell_entry, dk_noncrumbling_4, grunt_decor_junction,
          grunt_decor_arrowhead, serial_bayou_pond_d, st_stairs_5,
          minmay_starry_boxes

Skill      XL: |  1  2  3  4  5  6  7  8  9 10 11 12 13 14 15 16 17 18 19 20 |
---------------+-------------------------------------------------------------+-----
Stealth        | 10 11 12 13 14 15 16 17 18 19 | 19.5
Invocations    | 1 2 3 4 5 6 7 8 9 10 11 12 13 14 | 14.6
Short Blades   | 1 2 3 4 5 6 7 8 9 10 11 12 13 | 13.5
Long Blades    | 1 2 3 4 5 6 7 8 9 10 11 12 13 | 13.5
Axes           | 1 2 3 4 5 6 7 8 9 10 11 12 13 | 13.5
Polearms       | 1 2 3 4 5 6 7 8 9 10 11 12 13 | 13.5
Staves         | 1 2 3 4 5 6 7 8 9 10 11 12 13 | 13.5
Slings         | 1 2 3 4 5 6 7 8 9 10 11 12 13 | 13.5
Bows           | 1 2 3 4 5 6 7 8 9 10 11 12 13 | 13.5
Crossbows      | 1 2 3 4 5 6 7 8 9 10 11 12 13 | 13.5
Throwing       | 1 2 3 4 5 6 7 8 9 10 11 12 13 | 13.5
Armour         | 1 2 3 4 5 6 7 8 9 10 11 12 13 | 13.5
Shields        | 1 2 3 4 5 6 7 8 9 10 11 12 13 | 13.5
Unarmed Combat | 1 2 3 4 5 6 7 8 9 10 11 12 13 | 13.5
Spellcasting   | 1 2 3 4 5 6 7 8 9 10 11 12 13 | 13.5
Evocations     | 1 2 3 4 5 6 7 8 9 10 11 12 13 | 13.5
Conjurations   | 1 2 3 4 5 6 7 8 9 10 11 | 11.6
Hexes          | 1 2 3 4 5 6 7 8 9 10 11 | 11.6
Summonings     | 1 2 3 4 5 6 7 8 9 10 11 | 11.6
Necromancy     | 1 2 3 4 5 6 7 8 9 10 11 | 11.6
Translocations | 1 2 3 4 5 6 7 8 9 10 11 | 11.6
Transmutations | 1 2 3 4 5 6 7 8 9 10 11 | 11.6
Fire Magic     | 1 2 3 4 5 6 7 8 9 10 11 | 11.6
Ice Magic      | 1 2 3 4 5 6 7 8 9 10 11 | 11.6
Air Magic      | 1 2 3 4 5 6 7 8 9 10 11 | 11.6
Earth Magic    | 1 2 3 4 5 6 7 8 9 10 11 | 11.6
Poison Magic   | 1 2 3 4 5 6 7 8 9 10 11 | 11.6
Maces & Flails | 5 6 7 8 9 10 11 12 13 14 | 14.2
Dodging        | 5 6 7 8 9 10 11 12 13 14 | 14.2
Fighting       | 7 8 9 10 11 12 13 14 | 14.7

Action                   |  1- 3 |  4- 6 |  7- 9 | 10-12 | 13-15 | 16-18 | 19-21 || total
-------------------------+-------+-------+-------+-------+-------+-------+-------++-------
Melee: Mace              |     5 |    25 |       |       |       |       |       ||    30
       Bite              |       |     5 |    50 |   199 |   333 |   160 |    15 ||   762
       Flail             |       |       |    88 |   472 |  1979 |   963 |       ||  3502
       Whip              |       |       |   233 |   733 |       |       |       ||   966
       Trident           |       |       |       |       |       |   176 |       ||   176
       Halberd           |       |       |       |       |       |       |    93 ||    93
 Fire: Hunting sling     |    99 |   230 |   186 |   317 |     4 |       |       ||   836
       Fustibalus        |       |       |       |       |   401 |   494 |       ||   895
       Longbow           |       |       |       |       |       |   920 |  1126 ||  2046
Throw: Boomerang         |       |       |     2 |       |    33 |    10 |       ||    45
       Dart              |       |       |     2 |       |       |       |       ||     2
 Cast: Blink             |       |       |       |       |     1 |       |       ||     1
       Portal Projectile |       |       |       |       |       |       |     4 ||     4
       Corona            |       |       |       |       |       |       |     3 ||     3
Invok: Recite            |       |     3 |     9 |    25 |    16 |    20 |    10 ||    83
       Vitalisation      |       |     1 |     7 |    11 |    21 |    13 |    10 ||    63
       Sanctuary         |       |       |       |       |       |       |     1 ||     1
Evoke: Wand              |       |       |       |     3 |     1 |     2 |     1 ||     7
  Use: Scroll            |     3 |     4 |     6 |    12 |    19 |    11 |    10 ||    65
       Potion            |       |       |     2 |       |     4 |    11 |     1 ||    18
 Stab: Sleeping          |     1 |       |       |     4 |    13 |     6 |     1 ||    25
       Confused          |       |       |     1 |     8 |     9 |     9 |     5 ||    32
       Invisible         |       |       |       |     5 |     3 |     3 |       ||    11
       Paralysed         |       |       |       |     7 |     6 |     1 |       ||    14
       Distracted        |       |       |       |     1 |       |     1 |       ||     2
Armor: Ring mail         |    13 |    26 |       |       |       |       |       ||    39
       Leather armour    |     2 |       |       |       |       |       |       ||     2
       Plate armour      |       |    29 |   137 |   168 |       |       |       ||   334
       Chain mail        |       |       |       |   251 |   626 |   495 |   326 ||  1698
       Ice dragon scales |       |       |       |       |    28 |    75 |       ||   103
Dodge: Dodged            |    49 |    48 |    36 |   408 |   752 |   981 |   523 ||  2797
Block: Kite shield       |       |    46 |   140 |   728 |  1603 |   914 |       ||  3431
       Reflection        |       |       |       |    17 |    30 |   104 |    22 ||   173
       Other             |       |       |       |       |       |   122 |   165 ||   287

Table legend: (Time is in decaauts)
 A = Elapsed time spent in this place.
 B = Non-inter-level travel time spent in this place.
 C = Inter-level travel time spent in this place.
 D = Time resting spent in this place.
 E = Time spent auto-exploring this place.
 F = Levels seen in this place.
 G = Mean time per level.
                   A        B        C        D        E       F      G
               +--------+--------+--------+--------+--------+-----+--------+
         Total |  64747 |  60683 |   4064 |  16668 |  28727 |  38 | 1703.9 |
       Dungeon |  19404 |  17414 |   1990 |   1604 |  10797 |  15 | 1293.6 |
          Lair |  11621 |  10736 |    885 |   2535 |   5717 |   6 | 1936.8 |
        Shoals |  12604 |  12074 |    530 |   5566 |   3859 |   4 | 3151.0 |
     Snake Pit |  11854 |  11434 |    420 |   3780 |   5336 |   4 | 2963.5 |
  Orcish Mines |   3308 |   3101 |    207 |    771 |   1352 |   2 | 1654.0 |
        Vaults |   2626 |   2626 |      0 |   1122 |    944 |   1 | 2626.0 |
        Depths |    383 |    353 |     30 |    199 |      6 |   1 |  383.0 |
        Bazaar |     47 |     47 |      0 |      0 |     36 |   1 |   47.0 |
         Trove |     68 |     68 |      0 |      0 |      5 |   1 |   68.0 |
      Ice Cave |   1146 |   1146 |      0 |    278 |    433 |   1 | 1146.0 |
       Volcano |   1095 |   1095 |      0 |    809 |      0 |   1 | 1095.0 |
      Gauntlet |    586 |    586 |      0 |      2 |    241 |   1 |  586.0 |
               +--------+--------+--------+--------+--------+-----+--------+

Top non-repeatable levels by time:
 Snake:4: 4852 daAuts
Shoals:4: 3845 daAuts
 Snake:1: 3789 daAuts
Shoals:3: 3544 daAuts
Shoals:2: 3011 daAuts
Vaults:1: 2626 daAuts
  Lair:3: 2440 daAuts
    D:11: 2328 daAuts
   Orc:2: 2253 daAuts
Shoals:1: 2203 daAuts
  Lair:6: 2023 daAuts
    D:15: 2002 daAuts
  Lair:2: 1935 daAuts
  Lair:4: 1930 daAuts
 Snake:2: 1864 daAuts
